 Dungeon Crawl Stone Soup version 0.29.0-13-gc9e81de378 (webtiles) character file.

Game seed: 17080952874250552495

187514 Ofeo the Warrior (level 17, -6/160 HPs)
             Began as a Minotaur Fighter on Sept 11, 2022.
             Was the Champion of Okawaru.
             Mangled by a quicksilver ooze (16 damage)
             ... created by the Royal Jelly
             ... while paralysed by a floating eye
             ... on level 5 of the Pits of Slime.
             The game lasted 00:35:46 (38712 turns).

Ofeo the Warrior (Minotaur Fighter)                Turns: 38712, Time: 00:35:47

Health: -6/160     AC: 46    Str: 25    XL:     17   Next: 16%
Magic:  11/24      EV:  2    Int: 18    God:    Okawaru [******]
Gold:   1420       SH:  0    Dex: 10    Spells: 16/16 levels left

rFire   . . .      SeeInvis .   J - +6 broad axe (vorpal)
rCold   . . .      Faith    .   a - +0 kite shield
rNeg    + + .      Spirit   .   o - +8 orange crystal plate armour {Archmagi, Int+3 Clar}
rPois   .          Reflect  +   i - +1 hat of Guanneit {rElec rN+ Int+2}
rElec   +          Harm     .   v - +2 cloak {rCorr}
rCorr   +          Rampage  .   u - +2 pair of gloves
Will    +....      Archmagi +   e - +2 pair of boots
Stlth   .......... Clarity  +   j - amulet of reflection
HPRegen 0.36/turn               s - +4 ring of slaying
MPRegen 0.19/turn               M - ring of Charity {rN+ rCorr}

@: paralysed, mighty, heroic, finesse-ful, engulfed (cannot breathe), corroded,
studying 2 skills
A: horns 2, retaliatory headbutt, iridescent scales 3, clever 2
}: 2/15 runes: barnacled, gossamer
a: Renounce Religion, Heroism, Finesse, Duel


You were on level 5 of the Pits of Slime.
You worshipped Okawaru.
Okawaru was exalted by your worship.
You visited 7 branches of the dungeon, and saw 33 of its levels.

You collected 3078 gold pieces.
You spent 1658 gold pieces at shops.

Inventory:

Hand Weapons
 J - a +6 vorpal broad axe (weapon)
Missiles
 p - 8 curare-tipped darts
 x - 2 throwing nets (quivered)
 G - 2 silver boomerangs
 S - 13 silver javelins
 X - 5 javelins
Armour
 a - a +0 kite shield (worn)
 b - a +2 hat of see invisible
 e - a +2 pair of boots (worn)
 i - the +1 hat of Guanneit (worn) {rElec rN+ Int+2}
   (Okawaru gifted it to you on level 1 of the Shoals)

   Int:       It affects your intelligence (+2).
   rElec:     It insulates you from electricity.
   rN:        It protects you from negative energy.
 o - the +8 orange crystal plate armour (worn) {Archmagi, Int+3 Clar}
   (You acquired it on level 9 of the Dungeon)

   Int:       It affects your intelligence (+3).
   Clar:      It protects you against confusion.
 u - a +2 pair of gloves (worn)
 v - a +2 cloak of preservation (worn)
Jewellery
 j - an amulet of reflection (around neck)
 r - a ring of ice
 s - a +4 ring of slaying (left hand)
 z - a ring of willpower
 M - the ring of Charity (right hand) {rN+ rCorr}
   (You found it on level 1 of the Lair of Beasts)

   [ring of resist corrosion]

   rN:        It protects you from negative energy.
   rCorr:     It protects you from acid and corrosion.
 T - a ring of poison resistance
Wands
 l - a wand of quicksilver (7)
 n - a wand of paralysis (31)
 D - a wand of digging (4) {@v1}
 I - a wand of mindburst (4)
 R - a wand of flame (8)
Scrolls
 f - 2 scrolls of enchant armour
 g - 8 scrolls of teleportation {@r3}
 w - 2 scrolls of amnesia
 y - a scroll of magic mapping
 A - a scroll of poison
 O - 2 scrolls of blinking {@r4}
 Q - a scroll of silence
 U - 3 scrolls of fog
 W - 2 scrolls of brand weapon
 Y - a scroll of fear
 Z - a scroll of immolation
Potions
 d - 2 potions of attraction
 h - 5 potions of haste {@q3}
 k - 6 potions of brilliance
 m - 3 potions of mutation
 q - 8 potions of curing {@q1}
 t - 3 potions of heal wounds {@q2}
 C - 5 potions of ambrosia
 E - 2 potions of might {@q4}
 F - a potion of flight
 K - 2 potions of cancellation {unknown}
 N - 3 potions of berserk rage {unknown}
 P - 2 potions of invisibility
 V - a potion of resistance {unknown}


   Skills:
 + Level 16.6(21.6) Fighting
 + Level 15.4(20.4) Axes
 + Level 8.2(13.2) Throwing
 + Level 15.8(20.8) Armour
 + Level 12.8(17.8) Dodging
 + Level 15.7(20.7) Shields
 + Level 11.6 Invocations
 + Level 5.2 Evocations


You had 16 spell levels left.
You didn't know any spells.
Your spell library contained the following spells:

 Spells                   Type           Power      Damage    Failure   Level
 Magic Dart               Conj           0%         1d3       99%         1
 Searing Ray              Conj           0%         2d4       99%         2
 Confusing Touch          Hex            0%         N/A       100%        3
 Vampiric Draining        Necr           0%         2d6       100%        3
 Corpse Rot               Necr/Pois/Air  0%         N/A       100%        4
 Dispel Undead            Necr           0%         3d6       100%        4
 Fulminant Prism          Conj/Hex       0%         3d6       100%        4
 Passage of Golubria      Tloc           0%         N/A       100%        4
 Yara's Violent Unravell  Hex/Tmut       0%         3d3       100%        5
 Statue Form              Tmut/Erth      0%         N/A       100%        6
 Enfeeble                 Hex            0%         N/A       100%        7
 Tukima's Dance           Hex            Unusable   N/A       N/A         3
 Animate Armour           Summ/Erth      Unusable   N/A       N/A         4
 Animate Dead             Necr           Unusable   N/A       N/A         4
 Death Channel            Necr           Unusable   N/A       N/A         6

Dungeon Overview and Level Annotations

Branches:
Dungeon (12/15)            Temple (1/1) D:7            Lair (5/5) D:9
 Shoals (4/4) Lair:2       Spider (4/4) Lair:2        Slime (5/5) Lair:5
    Orc (2/2) D:12            Elf (0/3) Orc:2

Altars:
Ashenzari
Cheibriados
Dithmenos
Elyvilon
Fedhas
Gozag
Hepliaklqana
Kikubaaqudgha
Makhleb
Nemelex Xobeh
Okawaru
Qazlal
Ru
Sif Muna
Trog
Uskayaw
Vehumet
Wu Jian
Yredelemnul
Zin
The Shining One
Jiyva
Lugonu

Shops:
D:9 ?   Orc:2 [((!

Portals:
Abyss: Lair:5

Annotations:
D:6 2 transporters, Zonian's ghost, novice DsGl
Temple 2 transporters
Slime:5 Royal Jelly


Innate Abilities, Weirdness & Mutations

You have a pair of horns on your head.
You reflexively headbutt those who attack you in melee.
You are completely covered in iridescent scales. (AC +6)
Your mind is very acute. (Int +8, Str/Dex -2)


Message History

That felt strangely unrewarding.
You hit the rockslime but do no damage. You hit the azure jelly.
The Royal Jelly shudders.
The Royal Jelly spits out another jelly.
You block the azure jelly's attack. x2
The azure jelly hits you but does no damage. x2
The floating eye gazes piercingly through you!
You suddenly lose the ability to move!
The Royal Jelly hits you!!
* * * LOW HITPOINT WARNING * * *
You are splashed with acid.
You resist.
* * * LOW HITPOINT WARNING * * *
The Royal Jelly barely misses you. The quicksilver ooze hits you.
The quicksilver ooze engulfs you! The quicksilver ooze hits you!
* * * LOW HITPOINT WARNING * * *
You feel your power leaking away.
The azure jelly hits you but does no damage. x4
The Royal Jelly hits you but does no damage. x2
The floating eye's stare focuses on you.
The rockslime hits you but does no damage.
* * * LOW HITPOINT WARNING * * *
Your lungs strain for air!
The quicksilver ooze hits you.
The quicksilver ooze hits you but does no damage.
The azure jelly hits you but does no damage. x3
The azure jelly hits you.
* * * LOW HITPOINT WARNING * * *
The Royal Jelly hits you but does no damage. x2
The rockslime hits you but does no damage.
The quicksilver ooze hits you.
The quicksilver ooze hits you but does no damage.
* * * LOW HITPOINT WARNING * * *
Your lungs strain for air!
The Royal Jelly hits you but does no damage.
The Royal Jelly hits you.
* * * LOW HITPOINT WARNING * * *
You are splashed with acid.
You resist.
* * * LOW HITPOINT WARNING * * *
The azure jelly hits you but does no damage. x4
The quicksilver ooze hits you!
You die...

................#
...............# .#
..............## ##J.
..............# |$##.
..............# !##..
..............# ?#}#.#
...........^..########..
..............JJ#JJJ#GJ.
.............#J@J#GJJ..
............########..
..........## #=#.#
.........# ##..
......... ##. ....... J.
..... #


You could see the Royal Jelly, an acid blob, 3 azure jellies, a large slime
creature, 3 slime creatures, 2 rockslimes, an eye of devastation, a quicksilver
ooze and a floating eye (charged).

Vanquished Creatures
  8 acid blobs
  2 sphinxes (Shoals:4)
  2 azure jellies (Slime:4)
  Ilsuiw (Shoals:2)
  A rockslime (Slime:2)
  3 emperor scorpions (Spider:4)
  2 orc warlords (Orc:2)
  3 ghost moths (Spider:4)
  8 quicksilver oozes
  Nessos (Orc:2)
  A spark wasp (Spider:4)
  A spark wasp (shapeshifter) (Lair:5)
  Snorg (Lair:3)
  2 great orbs of eyes
  2 merfolk impalers
  2 boulder beetles
  Erolcha (Orc:2)
  2 merfolk avatars
  A catoblepas (Lair:5)
  6 hydras
  2 satyrs
  5 two-headed ogres
  7 death scarabs (Spider:4)
  3 merfolk aquamancers
  3 death yaks (Lair:4)
  2 thrashing horrors (Lair:5)
  Urug (Lair:5)
  4 orc high priests (Orc:2)
  The ghost of Dazliare the Slicer, a novice KoDe of Wu Jian (D:10)
  Sonja (Orc:2)
  2 sun moths (Spider:2)
  A pharaoh ant (Spider:4)
  6 sea snakes
  4 skeletal warriors (D:12)
  3 orb spiders
  4 harpies (Shoals:1)
  4 steelbarb worms
  3 spectral wolf spiders (Spider:4)
  6 orc knights
  Pikel (D:4)
  2 broodmother zombies (Spider:4)
  A lindwurm (Lair:4)
  5 orc sorcerers
  3 oklob plants (Lair:5)
  8 wolf spiders
  A shining eye (Slime:4)
  5 manticores
  3 ugly things
  2 moths of wrath
  4 cyclopes
  10 fauns
  4 black mambas
  2 water nymphs
  11 elephants
  6 merfolk sirens
  2 smoke demons (Lair:5)
  A torpor snail (Lair:5)
  7 cane toads
  2 demonic crawlers
  4 rime drakes
  A spectral redback (Spider:4)
  Psyche (D:8)
  2 ice devils (Lair:3)
  2 redback zombies (Spider:4)
  5 komodo dragons
  7 trolls
  An ancient zyme (Lair:5)
  6 polar bears
  5 meliai (Spider:2)
  15 merfolk
  6 tarantellas
  2 wind drakes
  27 slime creatures
  32 blink frogs
  2 spectral jumping spiders (Spider:4)
  6 snapping turtles
  21 dream sheep
  A spectral culicivora (Spider:4)
  2 spectral tarantellas (Spider:4)
  15 jumping spiders
  8 culicivoras
  13 small abominations (Lair:5)
  2 spriggans (Lair:5)
  A shadow (D:9)
  A ynoxinul (Lair:5)
  46 yaks
  A wraith (D:11)
  2 wyverns (Lair:5)
  2 vampires (D:11)
  7 humans (D:11)
  9 water elementals
  2 basilisks (Lair:5)
  Eustachio (D:4)
  2 steam dragons
  3 chaos spawn (Lair:5)
  17 redbacks
  An acid dragon (D:12)
  2 wargs
  16 water moccasins
  2 large abominations (Lair:5)
  A sky beast (D:7)
  A black bear (D:6)
  A meliai simulacrum (D:10)
  4 ice beasts (D:10)
  39 orc warriors
  11 ogres
  5 centaurs
  11 wolves
  A phantom (D:4)
  8 bullfrogs
  2 kobold brigands
  4 gnoll sergeants
  2 scorpions
  A necrophage (D:4)
  3 killer bees (D:9)
  2 howler monkeys
  6 electric eels
  16 hounds
  A jelly (D:6)
  27 orc priests
  A gnoll bouda (D:7)
  4 iguanas
  15 orc wizards
  2 centaur simulacra (D:10)
  3 adders
  22 gnolls
  A shadow imp (D:7)
  3 white imps
  2 ufetubi
  A dart slug (D:4)
  105 orcs
  3 endoplasms
  3 giant cockroaches
  5 goblins (D:4)
  3 hobgoblins
  3 jackals
  3 quokkas
  5 ball pythons
  A frilled lizard (D:1)
  10 kobolds
  2 rats
836 creatures vanquished.

Vanquished Creatures (collateral kills)
  A centaur (D:7)
  An iguana (D:7)
2 creatures vanquished.

Vanquished Creatures (others)
  A meliai (Spider:2)
  A yak (D:8)
  28 fungi
  82 plants
112 creatures vanquished.

Grand Total: 950 creatures vanquished

Notes
Turn   | Place    | Note
-------+----------+-------------------------------------------
     0 | D:1      | Ofeo the Minotaur Fighter began the quest for the Orb.
     0 | D:1      | Reached XP level 1. HP: 19/19 MP: 0/0
   324 | D:2      | Reached XP level 2. HP: 27/27 MP: 1/1
   713 | D:4      | Reached skill level 4 in Fighting
   715 | D:4      | Reached XP level 3. HP: 32/33 MP: 2/2
   768 | D:4      | Found an ornate altar of the Wu Jian Council.
   784 | D:4      | Reached XP level 4. HP: 31/41 MP: 3/3
   893 | D:4      | Noticed a phantom
   909 | D:4      | Killed a phantom
   910 | D:4      | Reached XP level 5. HP: 30/47 MP: 4/4
  1222 | D:4      | Found a glowing drain.
  1271 | D:4      | Noticed Eustachio
  1283 | D:4      | Killed Eustachio
  1284 | D:4      | Reached skill level 5 in Fighting
  1284 | D:4      | Reached skill level 5 in Armour
  1284 | D:4      | Reached skill level 5 in Shields
  1284 | D:4      | Reached XP level 6. HP: 14/56 MP: 5/5
  1592 | D:4      | Noticed Pikel
  1885 | D:4      | Killed Pikel
  1886 | D:4      | Reached skill level 6 in Fighting
  1886 | D:4      | Reached skill level 5 in Axes
  1886 | D:4      | Reached XP level 7. HP: 44/63 MP: 6/6
  2222 | D:5      | Entered Level 5 of the Dungeon
  3858 | D:5      | Found a glowing silver altar of Zin.
  4078 | D:6      | Noticed a cyclops
  4078 | D:6      | Noticed Zonian's ghost (novice DsGl)
  4079 | D:6      | Found a transporter.
  4109 | D:6      | HP: 3/64 [ogre/+0 giant spiked club (27)]
  4111 | D:6      | Reached XP level 8. HP: 4/71 MP: 7/7
  4880 | D:6      | Reached skill level 7 in Fighting
  4948 | D:6      | Found a transporter.
  5085 | D:6      | Found a burning altar of Makhleb.
  5085 | D:6      | Noticed a cacodemon
  5088 | D:6      | Noticed an orange demon
  5088 | D:6      | Noticed an orange demon
  5263 | D:6      | Found a radiant altar of Vehumet.
  5263 | D:6      | Found a hide-covered altar of Uskayaw.
  5263 | D:6      | Found a hazy altar of Hepliaklqana.
  5263 | D:6      | Found a basalt altar of Yredelemnul.
  5800 | D:7      | Gained mutation: Your mind is acute. (Int +4, Str/Dex -1)
                  | [potion of mutation]
  5800 | D:7      | Gained mutation: You are partially covered in iridescent
                  | scales. (AC +2) [potion of mutation]
  5800 | D:7      | Gained mutation: You are robust. (+10% HP) [potion of
                  | mutation]
  6013 | D:7      | Found a staircase to the Ecumenical Temple.
  6049 | D:7      | Found a shadowy altar of Dithmenos.
  7062 | D:7      | Reached skill level 8 in Fighting
  7062 | D:7      | Reached XP level 9. HP: 69/89 MP: 8/8
  7666 | Temple   | Entered the Ecumenical Temple
  7666 | Temple   | Found a transporter.
  7666 | Temple   | Found a transporter.
  7668 | Temple   | Found a transporter.
  7668 | Temple   | Found a transporter.
  7686 | Temple   | Became a worshipper of Warmaster Okawaru
  7926 | D:8      | Noticed a two-headed ogre
  7949 | D:8      | Reached skill level 1 in Dodging
  7958 | D:8      | Reached skill level 1 in Invocations
  7961 | D:8      | Reached * piety under Okawaru
  7965 | D:8      | Killed a two-headed ogre
  8188 | D:8      | Noticed Psyche
  8198 | D:8      | Reached ** piety under Okawaru
  8199 | D:8      | Reached skill level 9 in Fighting
  8199 | D:8      | Killed Psyche
  8200 | D:8      | Reached XP level 10. HP: 86/100 MP: 9/11
  8348 | D:8      | Found a stormy altar of Qazlal.
  8575 | D:8      | Reached *** piety under Okawaru
  9034 | D:9      | Found a staircase to the Lair.
  9380 | D:9      | Found a blossoming altar of Fedhas.
  9578 | D:9      | Reached **** piety under Okawaru
 10661 | D:9      | Found Jisa's Magic Scroll Boutique.
 10669 | D:9      | Reached skill level 10 in Fighting
 10745 | D:9      | Bought a scroll of enchant weapon for 97 gold pieces
 10831 | D:10     | Entered Level 10 of the Dungeon
 10888 | D:10     | Found a runed translucent gate.
 10889 | D:10     | Found a runed translucent gate.
 10890 | D:10     | Found a runed translucent gate.
 10910 | D:10     | Reached skill level 10 in Armour
 10956 | D:10     | Noticed Dazliare's ghost (novice KoDe)
 11047 | D:10     | Reached skill level 5 in Dodging
 11476 | D:10     | Noticed a two-headed ogre
 11485 | D:10     | Killed a two-headed ogre
 11486 | D:10     | Reached skill level 10 in Shields
 11486 | D:10     | Reached XP level 11. HP: 69/108 MP: 13/13
 12568 | D:11     | Reached skill level 5 in Invocations
 12611 | D:11     | Reached ***** piety under Okawaru
 12635 | D:11     | Reached skill level 10 in Axes
 14061 | D:12     | Noticed a five-headed hydra
 14200 | D:12     | Noticed a four-headed hydra
 14248 | D:10     | Killed Dazliare's ghost
 14412 | Lair:1   | Entered Level 1 of the Lair of Beasts
 14594 | Lair:1   | Identified the +3 chain mail of the Sneaky Demons {rElec
                  | rC+ Str-3 Int+2} (Okawaru gifted it to you on level 1 of
                  | the Lair of Beasts)
 14594 | Lair:1   | Received a gift from Okawaru
 14603 | Lair:1   | Reached skill level 11 in Fighting
 14849 | Lair:1   | Identified the ring of Charity {rN+ rCorr}
 15381 | Lair:1   | Reached XP level 12. HP: 110/121 MP: 15/15
 15426 | Lair:1   | You fall into a shaft and drop 1 floor!
 15835 | Lair:2   | Noticed a boulder beetle
 15860 | Lair:2   | Killed a boulder beetle
 16118 | Lair:2   | Found a hole to the Spider Nest.
 17057 | Lair:2   | Found a staircase to the Shoals.
 17437 | Lair:3   | Noticed a five-headed hydra
 17448 | Lair:3   | Killed a six-headed hydra
 17820 | Lair:3   | Noticed Snorg
 17827 | Lair:3   | Killed Snorg
 17827 | Lair:3   | Received a gift from Okawaru
 18407 | Lair:3   | Reached skill level 12 in Fighting
 18956 | Lair:4   | Noticed an eight-headed hydra
 18977 | Lair:4   | Killed a two-headed hydra
 19895 | Lair:4   | Reached XP level 13. HP: 124/129 MP: 17/17
 20443 | Lair:4   | Reached ****** piety under Okawaru
 20454 | Lair:4   | Received a gift from Okawaru
 21038 | Lair:5   | Entered Level 5 of the Lair of Beasts
 21074 | Lair:5   | Reached skill level 1 in Throwing
 22514 | Lair:5   | Noticed Urug
 22544 | Lair:5   | Killed Urug
 22545 | Lair:5   | Reached skill level 13 in Fighting
 23381 | Lair:5   | Found a staircase to the Slime Pits.
 23397 | Lair:5   | Identified the +2 chain mail of Omaodas {rC+ MP+9 Str+3}
                  | (Okawaru gifted it to you on level 5 of the Lair of Beasts)
 23397 | Lair:5   | Received a gift from Okawaru
 23819 | Lair:5   | Reached XP level 14. HP: 74/141 MP: 11/19
 24736 | Lair:5   | Reached skill level 10 in Dodging
 24749 | Lair:5   | Identified the +7 short sword of the Tiger {freeze, *Rage
                  | rF- Dex+6}
 25193 | Lair:5   | Found a corrupted altar of Lugonu.
 25193 | Lair:5   | Found a one-way gate to the infinite horrors of the Abyss.
 25623 | D:9      | Bought a scroll of acquirement for 676 gold pieces
 25623 | D:9      | Acquired the +8 orange crystal plate armour {Archmagi,
                  | Int+3 Clar}
 25623 | D:9      | Found the +8 orange crystal plate armour {Archmagi, Int+3
                  | Clar}
 26301 | D:12     | Received a gift from Okawaru
 26594 | D:12     | Found a staircase to the Orcish Mines.
 26625 | Orc:1    | Entered Level 1 of the Orcish Mines
 27436 | Orc:2    | Entered Level 2 of the Orcish Mines
 27744 | Orc:2    | Noticed Sonja
 27748 | Orc:2    | Killed Sonja
 28657 | Orc:2    | Noticed an orc warlord
 28687 | Orc:2    | Killed an orc warlord
 28688 | Orc:2    | Reached skill level 5 in Throwing
 28930 | Orc:2    | Found Votweceng's Weapon Emporium.
 28946 | Orc:2    | Received a gift from Okawaru
 29002 | Orc:2    | Bought a +4 vorpal broad axe for 392 gold pieces
 29022 | Orc:2    | Found Byckup's Armour Shoppe.
 29311 | Orc:2    | Noticed Erolcha
 29323 | Orc:2    | Killed Erolcha
 29426 | Orc:2    | Reached skill level 14 in Fighting
 29617 | Orc:2    | Noticed an orc warlord
 29630 | Orc:2    | Killed an orc warlord
 29637 | Orc:2    | Noticed Nessos
 29649 | Orc:2    | Killed Nessos
 30197 | Orc:2    | Reached XP level 15. HP: 128/151 MP: 21/21
 30305 | Orc:2    | Found Keathua's Weapon Boutique.
 30491 | Orc:2    | Found Upnavypt's Distillery.
 30525 | Orc:2    | Bought a potion of invisibility for 96 gold pieces
 30525 | Orc:2    | Bought a potion of haste for 120 gold pieces
 30525 | Orc:2    | Bought a potion of heal wounds for 60 gold pieces
 30525 | Orc:2    | Bought a potion of haste for 120 gold pieces
 30635 | Orc:2    | Found a staircase to the Elven Halls.
 31202 | D:9      | Bought a scroll of enchant armour for 97 gold pieces
 31434 | Lair:1   | Got the Folio of Despicable Rites and Earth
 31466 | Shoals:1 | Entered Level 1 of the Shoals
 31476 | Shoals:1 | Reached skill level 10 in Invocations
 31479 | Shoals:1 | Identified the +1 hat of Guanneit {rElec rN+ Int+2}
                  | (Okawaru gifted it to you on level 1 of the Shoals)
 31479 | Shoals:1 | Received a gift from Okawaru
 31755 | Shoals:2 | Reached skill level 1 in Evocations
 32154 | Shoals:2 | Noticed Ilsuiw
 32216 | Shoals:2 | Killed Ilsuiw
 33623 | Shoals:4 | Entered Level 4 of the Shoals
 33650 | Shoals:4 | Received a gift from Okawaru
 33814 | Shoals:4 | Noticed a sphinx
 33815 | Shoals:4 | Noticed a sphinx
 33829 | Shoals:4 | Paralysed by a sphinx for 3 turns
 33833 | Shoals:4 | Killed a sphinx
 33837 | Shoals:4 | Killed a sphinx
 33865 | Shoals:4 | Got a barnacled rune of Zot
 33932 | Shoals:3 | Received a gift from Okawaru
 34336 | Spider:1 | Entered Level 1 of the Spider Nest
 34389 | Spider:1 | Reached XP level 16. HP: 161/161 MP: 23/23
 34421 | Spider:1 | Acquired a manual of Fighting
 34604 | Spider:2 | Received a gift from Okawaru
 34609 | Spider:2 | Reached skill level 15 in Fighting
 34609 | Spider:2 | Reached skill level 15 in Armour
 34664 | Spider:2 | Reached skill level 15 in Shields
 35037 | Spider:4 | Entered Level 4 of the Spider Nest
 35658 | Spider:4 | Received a gift from Okawaru
 35921 | Spider:4 | Received a gift from Okawaru
 36595 | Spider:4 | Reached skill level 15 in Axes
 36649 | Spider:4 | Reached skill level 16 in Fighting
 36656 | Spider:4 | Identified the -2 hat of Fedhas's Scorn {+Inv}
 36684 | Spider:4 | Got a gossamer rune of Zot
 36980 | Slime:1  | Entered Level 1 of the Pits of Slime
 37195 | Slime:2  | Noticed an acid blob
 37201 | Slime:2  | Noticed an acid blob
 37202 | Slime:2  | Killed an acid blob
 37203 | Slime:2  | Noticed an acid blob
 37220 | Slime:2  | Killed an acid blob
 37222 | Slime:2  | Killed an acid blob
 37516 | Slime:3  | Received a gift from Okawaru
 37560 | Slime:4  | Reached XP level 17. HP: 129/174 MP: 11/24
 37560 | Slime:4  | Noticed an acid blob
 37566 | Slime:4  | Killed an acid blob
 37567 | Slime:4  | Reached skill level 5 in Evocations
 37568 | Slime:4  | Gained mutation: You occasionally lose the ability to read
                  | scrolls when taking damage. [a shining eye]
 37583 | Slime:4  | Gained mutation: Your body sometimes deteriorates upon
                  | taking damage. [a shining eye]
 37590 | Slime:4  | Lost mutation: You occasionally lose the ability to read
                  | scrolls when taking damage. [potion of mutation]
 37590 | Slime:4  | Lost mutation: Your body sometimes deteriorates upon taking
                  | damage. [potion of mutation]
 37590 | Slime:4  | Lost mutation: You are robust. (+10% HP) [potion of
                  | mutation]
 37590 | Slime:4  | Gained mutation: Your mind is very acute. (Int +8, Str/Dex
                  | -2) [potion of mutation]
 37590 | Slime:4  | Gained mutation: You are mostly covered in iridescent
                  | scales. (AC +4) [potion of mutation]
 37590 | Slime:4  | Gained mutation: You are completely covered in iridescent
                  | scales. (AC +6) [potion of mutation]
 37597 | Slime:5  | Entered Level 5 of the Pits of Slime
 37600 | Slime:5  | Noticed an acid blob
 37817 | Slime:5  | Noticed an acid blob
 37824 | Slime:4  | Killed an acid blob
 38674 | Slime:5  | Killed an acid blob
 38686 | Slime:5  | Noticed an acid blob
 38687 | Slime:5  | Found a viscous altar of Jiyva.
 38687 | Slime:5  | Noticed the Royal Jelly
 38697 | Slime:5  | Killed an acid blob
 38697 | Slime:5  | Noticed an acid blob
 38702 | Slime:5  | Noticed an acid blob
 38709 | Slime:5  | Killed an acid blob
 38709 | Slime:5  | Paralysed by a floating eye for 3 turns
 38712 | Slime:5  | Mangled by a quicksilver ooze

Illustrated notes

Levels and vault maps discovered:
D:1:      dpeg_arrival_arbitrary_a, layout_basic, grunt_decor_clamped,
          minmay_hexomino_u4
D:2:      layout_basic
D:3:      layout_basic, general_overflow_altar,
          shapermc_ecumenical_altar_ellora, chequers_serial_rivers_micro_b,
          uniq_sigmund
D:4:      layout_gridville, mainiacjoe_overflow_surrounded_room,
          cheibrodos_sewer_entry_drain, eino_curves_03, uniq_pikel,
          uniq_eustachio
D:5:      layout_layer_cave, lemuel_coloured_pillars_altar
D:6:      layout_loops_ring, grunt_temple_overflow_cloverleaf,
          makhleb_altar_promises_db, gammafunk_ghost_arena,
          minmay_misc_feat_roman
D:7:      layout_basic, old_standard_altar, minmay_temple_entry_from_below_a,
          minmay_misc_feat_five, hangedman_decor_riveting
D:8:      layout_cave_pods, nicolae_qazlal_eye_of_the_storm, uniq_psyche
D:9:      layout_loops_corners, mainiacjoe_overflow_24_doors, erik_lair_island,
          serial_shops, nicolae_shop_statue_plus, minmay_misc_feat_ornament
D:10:     layout_loops_corners, gammafunk_ghost_icy, minivault_24
D:11:     erik_cavepeople, layout_basic, minmay_misc_feat_secret_circle
D:12:     layout_irregular_city, hiddenorc2_lemuel,
          hellmonk_guarded_unrand_lears
Temple:   hellmonk_temple_divided_pantheon
Lair:1:   layout_cave_pods, basic_altar, chequers_serial_rivers_micro_b,
          nicolae_lair_grazing_beasts [nicolae_sub_lair_graze_edge,
          nicolae_sub_lair_graze_edge, nicolae_sub_lair_graze_edge,
          nicolae_sub_lair_graze_edge]
Lair:2:   layout_big_grid, elwin_shoals_entry_rooms, spider_nest_entry_a
Lair:3:   layout_layer_cave, portal_ice_cave_demonic_guard,
          serial_bayou_shore_a, lemuel_fruit_fields, grunt_megastairs_3,
          uniq_snorg
Lair:4:   layout_loops_ring, st_stairs_11, grunt_megastairs_5
Lair:5:   hellmonk_lair_end_abyssal_woods, layout_loops_ring,
          minmay_slime_entry_oklob_enclosed, cheibrodos_lair_lostbears,
          uniq_urug
Shoals:1: layout_shoals, uniq_jorgrun
Shoals:2: layout_shoals, uniq_ilsuiw
Shoals:3: cheibrodos_shoals_oceanic_diplomacy, layout_shoals, uniq_donald
Shoals:4: shoals_end_hellmonk_lost_city
Spider:1: layout_spider_delve
Spider:2: layout_spider_delve
Spider:3: layout_chambers, uniq_arachne
Spider:4: floodkiller_spider_rune_tomb, nicolae_spider_swamp_cousins,
          uniq_roxanne, uniq_asterion
Slime:1:  layout_caves
Slime:2:  layout_caves
Slime:3:  layout_caves, cheibrodos_slime_lost_civilization_5
Slime:4:  layout_caves
Slime:5:  uniq_dissolution
Orc:1:    layout_caves, mines4_lemuel
Orc:2:    pubby_orc_utopia, uniq_nessos, uniq_sonja, uniq_erolcha

Skill      XL: |  1  2  3  4  5  6  7  8  9 10 11 12 13 14 15 16 17 |
---------------+----------------------------------------------------+-----
Armour         | 4 5 6 8 9 10 11 12 13 14 15 | 15.8
Fighting       | 4 5 6 8 9 10 11 12 13 14 16 | 16.6
Shields        | 4 5 6 7 9 10 11 12 13 14 15 | 15.7
Axes           | 3 4 5 6 7 8 9 10 11 12 13 14 15 | 15.4
Dodging        | 3 5 6 8 9 10 11 12 | 12.8
Invocations    | 3 4 6 7 8 9 10 11 | 11.6
Throwing       | 3 5 6 8 |  8.2
Evocations     | 3 4 5 |  5.2

Action                   |  1- 3 |  4- 6 |  7- 9 | 10-12 | 13-15 | 16-18 || total
-------------------------+-------+-------+-------+-------+-------+-------++-------
Melee: War axe           |    55 |    49 |   198 |   714 |   836 |       ||  1852
       Headbutt          |     7 |     4 |    33 |   168 |   327 |    95 ||   634
       Unarmed           |       |     4 |       |       |       |       ||     4
       Hand axe          |       |       |       |    16 |    36 |       ||    52
       Broad axe         |       |       |       |       |   472 |   336 ||   808
Invok: Heroism           |       |       |       |     1 |    10 |     5 ||    16
       Finesse           |       |       |       |     1 |     2 |     2 ||     5
Evoke: Wand              |       |       |       |     7 |    15 |     5 ||    27
  Use: Potion            |       |     1 |     6 |     3 |     8 |     3 ||    21
       Scroll            |       |       |     9 |     7 |    10 |     1 ||    27
 Stab: Paralysed         |       |       |       |     8 |       |       ||     8
       Petrified         |       |       |       |       |     5 |       ||     5
       Petrifying        |       |       |       |       |     1 |       ||     1
Armor: Scale mail        |    31 |    24 |     9 |       |       |       ||    64
       Skin              |       |     1 |       |       |       |       ||     1
       Chain mail        |       |       |   108 |   450 |   216 |       ||   774
       Crystal plate arm |       |       |       |       |   528 |   430 ||   958
Dodge: Dodged            |    21 |    28 |    55 |   314 |   380 |   117 ||   915
Block: Buckler           |    18 |    12 |    48 |   252 |   557 |       ||   887
       Reflection        |       |       |       |       |    45 |     4 ||    49
       Kite shield       |       |       |       |       |   319 |   426 ||   745
